 Dungeon Crawl Stone Soup version 0.27.1-33-g824d729ab1 (webtiles) character file.

Game seed: 16396997928056876733

65 Findor the Firebug (level 4, 0/27 HPs)
             Began as an Octopode Fire Elementalist on Dec 5, 2021.
             Succumbed to an adder's poison
             ... on level 3 of the Dungeon.
             The game lasted 00:03:08 (2215 turns).

Findor the Firebug (Octopode Fire Elementalist)     Turns: 2215, Time: 00:03:09

Health: 0/27       AC:  1    Str:  7    XL:     4   Next: 14%
Magic:  7/7        EV: 13    Int: 18    God:
Gold:   52         SH:  0    Dex: 12    Spells: 4/8 levels left

rFire    . . .     SeeInvis .   b - +0 dagger
rCold    . . .     Faith    .   (no shield)
rNeg     . . .     Spirit   .   (helmet restricted)
rPois    .         Reflect  .   j - amulet of magic regeneration
rElec    .         Harm     .   (no ring)
rCorr    .         Rampage  .   (no ring)
Will     .....                  (no ring)
Stlth    +++.......             (no ring)
HPRegen  0.09/turn              (no ring)
MPRegen  0.35/turn              (no ring)
                                (no ring)
                                (no ring)

@: brilliant, lethally poisoned (0 -> -11)
A: almost no armour, amphibious, 8 rings, camouflage 1, gelatinous body 1,
(nimble swimmer 1), tentacles
a: no special abilities


You were on level 3 of the Dungeon.
You visited 1 branch of the dungeon, and saw 3 of its levels.

You collected 52 gold pieces.


Innate Abilities, Weirdness & Mutations

You cannot wear most types of armour.
You are amphibious.
You can wear up to eight rings at the same time.
Your skin changes colour to match your surroundings (Stealth+).
Your rubbery body absorbs attacks. (AC +1, EV +1)
((You are camouflaged near water. (Stealth+)))
You have tentacles for arms and can constrict up to eight enemies at once.


   Skills:
 - Level 2.0 Dodging
 - Level 2.6 Stealth
 + Level 2.5 Spellcasting
 + Level 2.0 Conjurations
 * Level 4.1 Fire Magic


You had 4 spell levels left.
You knew the following spells:

 Your Spells              Type           Power      Damage    Failure   Level
a - Foxfire               Conj/Fire      76%        2x1d7     4%          1
d - Conjure Flame         Conj/Fire      19%        6-21      14%         3

Your spell library contained the following spells:

 Spells                   Type           Power      Damage    Failure   Level
 Inner Flame              Hex/Fire       14%        N/A       22%         3
 Sticky Flame             Conj/Fire      19%        2d4       43%         4
 Fireball                 Conj/Fire      9%         3d6       80%         5

Inventory:

Hand Weapons
 b - a +0 dagger (weapon)
   (You took it off a kobold on level 1 of the Dungeon)
Jewellery
 j - an amulet of magic regeneration (around mantle)
   (You found it on level 2 of the Dungeon)
Scrolls
 a - a scroll of amnesia {unknown}
 g - a scroll of holy word {unknown}
 h - a scroll of fear {unknown}
Potions
 c - a potion of flight {unknown}
 d - a potion of brilliance
 e - a potion of invisibility {unknown}
 i - a potion of might {unknown}


Message History

There is a stone staircase leading up here.
Found a scroll of enchant armour.
An endoplasm comes into view.
You see here a scroll of enchant armour. 3 orcs come into view.
An adder comes into view.
Casting: Foxfire (safe; 4% risk of failure)
You conjure some foxfire!
The adder hisses angrily.
The orc shouts!
The endoplasm misses you.
The orc shouts! x2; You hear a shout! x2
The foxfire hits the endoplasm.
An adder comes into view.
A kobold comes into view. It is wielding a +0 whip.
The endoplasm hits you.
You see here a scroll of enchant armour.
You completely miss the adder. Your grab misses the adder.
The adder barely misses you.
Casting: Foxfire (safe; 4% risk of failure)
You conjure some foxfire!
The adder bites you. The endoplasm barely misses you.
The adder closely misses you.
The foxfire hits the endoplasm.
You kill the endoplasm!
The adder bites you.
Casting: Foxfire (safe; 4% risk of failure)
You conjure some foxfire!
The foxfire hits the adder.
The adder closely misses you.
The foxfire hits the adder.
The adder bites you. x2
* * * LOW HITPOINT WARNING * * *
You are poisoned.
The adder poisons you! The adder bites you.
* * * LOW HITPOINT WARNING * * *
You are lethally poisoned!
The adder poisons you!
As you read the scroll labelled KUGRUW WOM SEF, it crumbles to dust.
You hear a loud clanging noise!
It was a scroll of noise.
* * * LOW HITPOINT WARNING * * *
You feel very sick.
You hear a shout! x2; You hear an angry hiss.
You hear a shout!
The adder barely misses you.
An orc comes into view. It is wielding a +0 short sword.
The adder bites you.
* * * LOW HITPOINT WARNING * * *
The adder barely misses you.
Unknown command.
Unknown command.
Okay, then.
It was a potion of brilliance.
You feel clever all of a sudden.
You die...

# .. ...#######
...#
#........####.....#
#...###S@S........
# #...o#####o...#
####..Jo.o....#
######S......
......# ..S....
.o##K.. ..# .. ..#
.


You could see 2 adders and 2 orcs.

Vanquished Creatures
  2 adders (D:2)
  A worm (D:2)
  A dart slug (D:1)
  2 bats
  2 endoplasms
  A giant cockroach (D:1)
  5 goblins
  5 hobgoblins
  4 jackals (D:1)
  2 quokkas (D:2)
  3 ball pythons
  5 frilled lizards
  4 kobolds
  2 rats (D:1)
39 creatures vanquished.

Vanquished Creatures (others)
  79 foxfires
79 creatures vanquished.

Grand Total: 118 creatures vanquished

Notes
Turn   | Place    | Note
-------+----------+-------------------------------------------
     0 | D:1      | Findor the Octopode Fire Elementalist began the quest for
                  | the Orb.
     0 | D:1      | Reached XP level 1. HP: 11/11 MP: 3/3
    47 | D:1      | Found Inaucw's Book Shop.
    97 | D:1      | Reached XP level 2. HP: 12/17 MP: 0/5
   389 | D:1      | Found a faded altar of an unknown god.
   801 | D:1      | Reached XP level 3. HP: 14/21 MP: 3/6
  1708 | D:2      | Learned a level 3 spell: Conjure Flame
  1801 | D:2      | Reached skill level 4 in Fire Magic
  1801 | D:2      | Reached XP level 4. HP: 22/27 MP: 5/7
  2214 | D:3      | HP: 3/27 [adder (3)]
  2215 | D:3      | Succumbed to an adder's poison

Levels and vault maps discovered:
D:1:      moated_graveyard_arrival, layout_basic,
          hellmonk_ecumenical_altar_lost_god, serial_shops,
          nicolae_shop_temple_entry_statues_fountains, st_stairs_9
D:2:      layout_loops_ring
D:3:      layout_rooms, serial_shops, shop_fountains

Action                   |  1- 3 |  4- 6 || total
-------------------------+-------+-------++-------
Melee: Tentacles         |     6 |       ||     6
       Unarmed           |     1 |       ||     1
       Dagger            |    27 |     1 ||    28
       Constrict         |     7 |       ||     7
 Cast: Foxfire           |    42 |     5 ||    47
  Use: Scroll            |     2 |     1 ||     3
       Potion            |       |     1 ||     1
 Stab: Sleeping          |     3 |       ||     3
Armor: Skin              |    11 |       ||    11
Dodge: Dodged            |    25 |     7 ||    32
